AoeStats
← InF1caTe

Arabia

510158903Analyzed
1v1 RM · 1d ago on Sep 29, 2026· 47m 45s· 2 players
Game mode
Random Map
Map size
Tiny (2 player)
Population
200
Speed
Normal
Resources
Standard
Victory
Conquest
Starting age
Dark Age
Ending age
Imperial Age
RankedLock teamsTeams togetherTeam positionsShared explorationLock speedFull tech treeHidden civsTurbo modeCheats
Victory
Defeat
🇸🇰 Ethiopians · Slovakia
983
+17
🇨🇭 Ethiopians · Switzerland
994
-17
InF1caTe
3:15 Loom
9:25 Feudal Age
10:05 Double-Bit Axe
14:49 Horse Collar
21:14 Castle Age
20:38 Padded Archer Armor
21:19 Wheelbarrow
21:02 Gold Mining
21:32 Crossbowman
22:32 Bow Saw
23:31 Leather Archer Armor
25:32 Thumb Ring
30:36 Ballistics
32:16 Stone Mining
35:29 Hand Cart
35:55 Town Watch
40:58 Imperial Age
40:53 Squires
42:53 Chemistry
41:28 Onager
43:27 Ring Archer Armor
46:30 Arbalester
arn.zrh
10:32 Feudal Age
15:35 Castle Age
13:51 Double-Bit Axe
16:26 Loom
18:24 Squires
21:42 Padded Archer Armor
22:37 Bow Saw
24:38 Elite Skirmisher
25:17 Stone Mining
26:53 Wheelbarrow
26:57 Fletching
27:44 Bodkin Arrow
31:55 Leather Archer Armor
35:44 Gold Mining
36:42 Town Watch
38:31 Ballistics
38:07 Murder Holes
38:26 Masonry
38:07 Horse Collar
38:12 Crossbowman
39:59 Gold Shaft Mining
40:31 Hand Cart
40:33 Heavy Plow
43:56 Forging
43:47 Scale Mail Armor
46:49 Thumb Ring
Connection lost

Rejoining the realm…

Still unreachable

The connection could not be restored.

Session expired

The server has moved on; the page needs a fresh start.